 Dungeon Crawl Stone Soup version 0.19-a0-593-gf2cdb02 (webtiles) character file.

147226 tyrsky the Tortoise (level 16, 0/102 HPs)
             Began as a Minotaur Berserker on June 10, 2016.
             Was a High Priest of Trog.
             Slain by a smoke demon (1 damage)
             ... on level 4 of the Abyss.
             The game lasted 01:11:42 (25657 turns).

tyrsky the Tortoise (Minotaur Berserker)           Turns: 25657, Time: 01:11:42

Health: 0/102      AC: 29    Str: 22 (23) XL:     16   Next: 91%
Magic:  4/4        EV: 22    Int:  2      God:    Trog [*****.]
Gold:   1562       SH:  0    Dex: 16 (17) Spells: 0 memorised, 15 levels left

rFire  + + .     SeeInvis .     O - +6 executioner's axe (antimagic)
rCold  + . .     Gourm    .     y - +4 plate armour {rF+}
rNeg   + . .     Faith    .     (shield currently unavailable)
rPois  +         Spirit   .     Y - +2 hat
rElec  +         Dismiss  .     C - +2 cloak
rCorr  .         Reflect  .     o - +2 pair of gloves
SustAt .         Harm     .     D - +0 pair of boots "Diwkec Odwo" {rPois rF+}
MR     ++...     Rnd*Rage +     w - amulet of the Air {Inacc +Fly rElec EV+5 RMsl}
Stlth  .......... Rnd*Tele +    j - ring "Furac" {rC+ MR+}
                                q - ring of Herusm {rN+ Dex+5}

@: exhausted, about to teleport, slowed, lost intelligence, repel missiles, very
slow, very resistant to hostile enchantments, extremely unstealthy
A: retaliatory headbutt, horns 2, repulsion field 1, agile 2, berserk 3, blink,
blurry vision 3, clumsy 2, deformed body, deterioration 2, dopey 1, frail 3, low
mp 3, screaming 2, slow regeneration 2, teleportitis 1, weak 2, no device heal
1, subdued magic 2
a: Blink, Berserk, Trog's Hand, Brothers in Arms, Burn Spellbooks, Renounce
Religion, Evoke Flight


You were on level 4 of the Abyss.
You worshipped Trog.
Trog was extremely pleased with you.
You were not hungry.

You visited 4 branches of the dungeon, and saw 27 of its levels.
You visited the Abyss 1 time.
You visited 1 bazaar.
You also visited: Labyrinth, Ossuary and Ice Cave.

You collected 2963 gold pieces.
You spent 1401 gold pieces at shops.

Inventory:

Hand Weapons
 O - a +6 antimagic executioner's axe (weapon)
Armour
 o - a +2 pair of gloves (worn)
 y - a +4 plate armour of fire resistance (worn)
 C - a +2 cloak (worn)
 D - the +0 pair of boots "Diwkec Odwo" (worn) {rPois rF+}
   (You found it on level 4 of the Dungeon)

   It protects you from fire.
   It protects you from poison.
 Y - a +2 hat (worn)
Jewellery
 j - the ring "Furac" (right hand) {rC+ MR+}
   (You found it on level 6 of the Lair of Beasts)

   [ring of protection from magic]

   It protects you from cold.
   It affects your resistance to hostile enchantments.
 q - the ring of Herusm (left hand) {rN+ Dex+5}
   (You bought it in a shop on level 2 of the Orcish Mines)

   [ring of positive energy]

   It affects your dexterity (+5).
   It protects you from negative energy.
 w - the amulet of the Air (around neck) {Inacc +Fly rElec EV+5 RMsl}
   (You found it in a labyrinth)

   [amulet of inaccuracy]

   It reduces the accuracy of all your attacks.
   It affects your evasion (+5).
   It insulates you from electricity.
   It lets you fly.
   It protects you from missiles.
 N - an uncursed ring of resist corrosion
Wands
 a - a wand of flame (5/48)
 b - a wand of lightning (3/15)
 n - a wand of disintegration (13/24)
 t - a wand of acid (4/15)
 v - a wand of slowing (31/48)
 x - a wand of acid (9/15)
 E - a wand of slowing (30/48)
 I - a wand of flame (48/48)
 L - a wand of hasting (5/9)
 Q - a wand of flame (19/48)
 U - a wand of disintegration (18/24)
 V - a wand of lightning (12/15)
 X - a wand of teleportation (1/9)
Scrolls
 k - 17 scrolls of remove curse
 m - 6 scrolls of teleportation
 F - 6 scrolls of magic mapping
 H - 3 scrolls of fear
 K - 3 scrolls of fog
 M - a scroll of recharging
 R - 7 scrolls of identify {@*1}
 S - a scroll of enchant weapon
 Z - 7 scrolls of blinking
Potions
 d - 3 potions of cancellation
 e - 2 potions of resistance
 f - 4 potions of cure mutation
 h - 5 potions of haste
 i - a potion of heal wounds
 l - 3 potions of might
 p - a potion of brilliance
 r - 11 potions of curing
 s - 3 potions of agility
 u - 3 potions of lignification
 A - a potion of berserk rage
 B - 4 potions of flight
 G - a potion of ambrosia
 J - a potion of magic
 W - 6 potions of invisibility
Comestibles
 g - 8 meat rations
 z - 29 fruits
 P - 7 beef jerkies
 T - 9 slices of pizza


   Skills:
 + Level 14.8 Fighting
 * Level 19.4 Axes
 * Level 19.8 Armour
 + Level 13.4 Dodging
   Level 3.4 Shields
 - Level 6.0 Evocations


You had 15 spell levels left.
You didn't know any spells.

Dungeon Overview and Level Annotations

Branches:
Dungeon (15/15)            Temple (0/1) D:6            Lair (6/6) D:10
  Swamp (0/4) Lair:2        Snake (4/4) Lair:4        Slime (0/5) Lair:5
    Orc (2/2) D:10            Elf (0/3) Orc:2        Vaults (0/5) D:14
 Depths (0/5) D:15

Altars:
Dithmenos
Elyvilon
Fedhas
Hepliaklqana
Nemelex Xobeh
Pakellas
Qazlal
Ru
Trog
Uskayaw
Vehumet
Xom
Yredelemnul
Zin
Beogh

Shops:
D:10 }   D:13 %   Orc:1 %   Orc:2 =(?[?

Annotations:
Snake:4 Louise


Innate Abilities, Weirdness & Mutations

You reflexively headbutt those who attack you in melee.
You have a pair of horns on your head.
You are surrounded by a mild repulsion field. (EV +2)
You are very agile. (Dex +4)
You can translocate small distances at will.
[You have an uncontrollable temper.]
[Scrolls take you much longer to read.]
[You are very clumsy. (Dex -4)]
[Armour fits poorly on your strangely shaped body.]
[Your body often deteriorates upon taking damage.]
[You are dopey. (Int -2)]
[You are extremely frail. (-30% HP)]
[Your magical capacity is extremely low. (-30% MP)]
[You sometimes yell uncontrollably at your foes.]
[You do not regenerate naturally when monsters are visible.]
[You are occasionally teleported next to monsters.]
[You are very weak. (Str -4)]
[Potions and wands are less effective at restoring your health.]
[Your spells are easier to cast, but less powerful.]


Message History

The smoke demon twists and deforms.
The small abomination misses you.
The guardian serpent closely misses you.
You furiously retaliate!
You headbutt the guardian serpent. The small abomination hits you.
* * * LOW HITPOINT WARNING * * *
The smoke demon completely misses you. x2; The smoke demon misses you.
Evoke which item? (* to show all) (? for menu, Esc to quit)
Zapping:
X - a wand of teleportation (will waste charges)
Press: ? - help, Shift-Dir - straight line, f - you You feel strangely unstable.
You feel the power of the Abyss delaying your translocation!
Evoking this partially-identified wand wasted a few charges.
Your skill with magical items lets you calculate the power of this device...
This wand has 1 charge left.
You feel yourself speed up.
The guardian serpent hits you but does no damage.
The small abomination closely misses you.
The small abomination misses you. The smoke demon closely misses you.
The smoke demon hits you.
You die...

# .# ≈§# ## 3 ..#
≈≈# # # ## ..# ≈≈# #
# # .. .###.≈## .
#R.. #.#.#...≈## #
#.###. .
..#..#...≈## #
....##..##.SX≈...§#≈
#....x ...
..#X*≈...≈≈ . #.
#... .# ##H##≈....
.. 3#### .#.##x3x#
.#.. #...XX ..*X#
#.### #. ##.#...
....# . ###†###.##.
...# #.#### # # . ..
# # ## . .#


You could see a starcursed mass, a wretched star, a large abomination, a
guardian serpent, a smoke demon and 2 small abominations.

Vanquished Creatures
  A tentacled starspawn (Abyss:4)
  Kirke (D:14)
  4 greater nagas
  Aizul (Snake:2)
  A minotaur (Lab)
  Josephine (D:14)
  A rakshasa (Abyss:4)
  A fire dragon (D:15)
  3 hydras
  A catoblepas (Lair:6)
  A death knight (D:12)
  10 naga warriors
  An ogre mage (D:15)
  4 anacondas
  5 centaur warriors
  A deep troll shaman (Lair:6)
  A tengu warrior (D:14)
  3 thrashing horrors (Abyss:4)
  9 orc high priests
  10 death yaks
  A naga sharpshooter (Snake:2)
  A sun demon (Abyss:3)
  3 shock serpents
  Sonja (D:14)
  Nergalle (Lair:1)
  A salamander mystic (Snake:3)
  8 skeletal warriors
  3 sea snakes (Snake:1)
  4 hill giants
  3 naga ritualists
  A lindwurm (Lair:6)
  A wizard (D:15)
  10 mana vipers
  10 salamanders
  8 ugly things
  A faun (shapeshifter) (D:13)
  2 orc sorcerers (Orc:2)
  3 cyclopes
  3 deep elf magi
  3 manticores
  A worldbinder (Abyss:4)
  7 elephants (Lair:6)
  2 griffons
  A guardian serpent (shapeshifter) (D:14)
  2 smoke demons (Abyss:4)
  24 black mambas
  3 guardian serpents
  An apocalypse crab (Abyss:4)
  8 spiny frogs
  7 naga magi
  An eye of devastation (Lair:5)
  An ice statue (IceCv)
  4 kobold demonologists (D:15)
  A centaur skeleton (D:14)
  7 komodo dragons
  2 efreet
  4 starcursed masses (Abyss:4)
  4 rime drakes
  2 hellwings (Abyss:3)
  A troll (Orc:1)
  A harpy zombie (D:15)
  13 polar bears
  4 two-headed ogres
  3 slime creatures (D:12)
  Prince Ribbit (Lair:2)
  2 raiju
  11 blink frogs
  A shadow (D:14)
  A water elemental (D:12)
  50 yaks
  5 hogs
  2 large abominations (Abyss:4)
  5 wraiths
  2 wyverns
  A fire bat (shapeshifter) (D:10)
  A wyvern (shapeshifter) (D:14)
  A basilisk (Lair:1)
  8 hungry ghosts
  A human (D:7)
  A hippogriff (shapeshifter) (D:14)
  A steam dragon (D:10)
  7 hippogriffs
  8 wargs
  3 small abominations (Abyss:4)
  9 vampire mosquitoes
  23 nagas
  A soldier ant (D:12)
  12 water moccasins
  11 porcupines
  6 necrophages
  2 black bears
  19 orc warriors
  A wasp (D:13)
  4 phantoms
  4 sky beasts
  3 ice beasts
  15 ogres
  2 eyes of draining
  17 centaurs
  34 wolves
  17 crocodiles
  23 big kobolds
  22 giant frogs
  4 scorpions
  9 killer bees
  9 wights
  4 electric eels
  A giant frog zombie (D:10)
  5 crimson imps
  4 hounds
  6 jellies
  20 orc wizards
  A gnoll shaman (D:5)
  An iron imp (Abyss:4)
  33 orc priests
  10 iguanas
  17 worker ants
  17 sheep
  A killer bee zombie (D:5)
  A big kobold zombie (Ossuary)
  A hound skeleton (D:5)
  3 mummies
  2 howler monkey zombies
  2 worker ant zombies
  11 adders
  9 gnolls
  24 river rats
  A howler monkey skeleton (D:8)
  3 shadow imps
  An ufetubus (Abyss:4)
  4 adder zombies (Ossuary)
  An adder skeleton (D:5)
  2 worms (D:2)
  4 giant geckos
  90 orcs
  A ball python (D:5)
  6 giant cockroaches
  9 goblins
  4 hobgoblins
  29 kobolds
  4 quokkas
  6 bats
  8 giant newts
  A goblin zombie (D:7)
  9 hobgoblin zombies
  4 jackal zombies
  10 kobold zombies (Ossuary)
  10 orc zombies (Ossuary)
  A quokka skeleton (D:5)
  A quokka zombie (D:6)
  7 rats
  5 fungi
  4 plants
  A starspawn tentacle (Abyss:4)
990 creatures vanquished.

Vanquished Creatures (collateral kills)
  An Executioner (Abyss:4)
  Agnes (Snake:2)
  A white draconian (IceCv)
  2 catoblepae
  5 death yaks
  2 large abominations (Abyss:4)
  A black mamba (Lair:2)
  2 polar bears (IceCv)
  3 yaks
  A hippogriff (Lair:3)
  A porcupine (Lair:5)
  2 orc priests (Orc:2)
  3 sheep (Lair:2)
  2 orcs (Orc:2)
27 creatures vanquished.

Vanquished Creatures (others)
  A naga sharpshooter (Snake:4)
  A mana viper (Snake:4)
  5 yaks (IceCv)
  4 wolves (IceCv)
  An orc wizard (D:14)
  A worker ant (D:11)
  An orc (D:12)
  2 kobolds (D:12)
  5 fungi
  6 plants
  3 starspawn tentacles (Abyss:4)
30 creatures vanquished.

Grand Total: 1047 creatures vanquished

Notes
Turn   | Place    | Note
--------------------------------------------------------------
     0 | D:1      | tyrsky the Minotaur Berserker began the quest for the Orb.
     0 | D:1      | Reached XP level 1. HP: 19/19 MP: 0/0
    81 | D:1      | Found a radiant altar of Vehumet.
   176 | D:1      | Reached XP level 2. HP: 27/27 MP: 1/1
   588 | D:1      | Reached ** piety under Trog
   868 | D:2      | Reached XP level 3. HP: 33/33 MP: 2/2
  2141 | D:3      | Reached XP level 4. HP: 39/40 MP: 3/3
  2535 | D:4      | Found a white marble altar of Elyvilon.
  2543 | D:4      | Got a pair of faintly humming boots
  2549 | D:4      | Identified the cursed +0 pair of boots "Diwkec Odwo" {rPois rF+} (You found it on level 4 of the Dungeon)
  2562 | D:4      | Reached XP level 5. HP: 47/47 MP: 4/4
  2671 | D:4      | Found a blossoming altar of Fedhas.
  2673 | D:4      | Found a stormy altar of Qazlal.
  2875 | D:4      | Reached *** piety under Trog
  2877 | D:4      | Reached skill level 5 in Axes
  3143 | D:5      | Entered Level 5 of the Dungeon
  3157 | D:5      | Noticed a phantom
  3171 | D:5      | Killed a phantom
  3171 | D:5      | Reached XP level 6. HP: 46/55 MP: 5/5
  3297 | D:5      | Reached skill level 5 in Fighting
  3306 | D:5      | Reached skill level 5 in Armour
  3684 | D:5      | Reached XP level 7. HP: 54/61 MP: 6/6
  4344 | D:6      | You fall through a shaft for 2 floors!
  4450 | D:7      | Found a sand-covered staircase.
  4458 | Ossuary  | Entered an ossuary
  4712 | D:6      | Found a staircase to the Ecumenical Temple.
  4953 | D:6      | Reached XP level 8. HP: 65/70 MP: 7/7
  5060 | D:6      | Found a shadowy altar of Dithmenos.
  5061 | D:6      | Found a sparkling altar of Nemelex Xobeh.
  5062 | D:6      | Found a basalt altar of Yredelemnul.
  5062 | D:6      | Found a hazy altar of Hepliaklqana.
  5064 | D:6      | Found a bloodstained altar of Trog.
  5064 | D:6      | Found a glowing silver altar of Zin.
  5065 | D:6      | Found a shimmering altar of Xom.
  5285 | D:7      | Found an oddly glowing altar of Pakellas.
  5300 | D:7      | Reached **** piety under Trog
  5520 | D:7      | Found a hide-covered altar of Uskayaw.
  5675 | D:7      | Reached skill level 5 in Dodging
  5960 | D:7      | Reached XP level 9. HP: 71/79 MP: 6/8
  6265 | D:7      | Got a transparent large shield
  6271 | D:7      | Identified the +7 large shield of Merghu {rF+ Str+4 Int+3} (You found it on level 7 of the Dungeon)
  6318 | D:8      | Reached skill level 1 in Shields
  6504 | D:8      | Noticed a white ugly thing
  6527 | D:8      | Killed a white ugly thing
  6547 | D:8      | Gained mutation: [You are frail. (-10% HP)] [mutagenic meat]
  6548 | D:8      | Gained mutation: Your muscles are strong. (Str +2) [mutagenic meat]
  6553 | D:8      | Lost mutation: [You are frail. (-10% HP)] [potion of cure mutation]
  6553 | D:8      | Lost mutation: Your muscles are strong. (Str +2) [potion of cure mutation]
  6707 | D:8      | Reached skill level 10 in Axes
  6707 | D:8      | Reached skill level 10 in Armour
  6856 | D:8      | Reached ***** piety under Trog
  7128 | D:9      | Reached XP level 10. HP: 88/88 MP: 9/9
  7346 | D:9      | You fall through a shaft!
  7346 | D:10     | Entered Level 10 of the Dungeon
  7358 | D:10     | Found a staircase to the Lair.
  7820 | D:10     | Gained mutation: You are agile. (Dex +2) [mutagenic meat]
  7821 | D:10     | Gained mutation: You are very agile. (Dex +4) [mutagenic meat]
  7822 | D:10     | Gained mutation: You are surrounded by a mild repulsion field. (EV +2) [mutagenic meat]
  8023 | D:10     | Found a staircase to the Orcish Mines.
  8190 | D:10     | Found Gaduer's Gadget Emporium.
  8481 | D:10     | Noticed an orc high priest
  8498 | D:10     | Noticed a soul eater
  8499 | D:10     | Killed an orc high priest
  8563 | Lair:1   | Entered Level 1 of the Lair of Beasts
  8593 | Lair:1   | Noticed Nergalle
  8627 | Lair:1   | Killed Nergalle
  8627 | Lair:1   | Reached XP level 11. HP: 75/97 MP: 7/10
  9919 | Lair:1   | Reached skill level 10 in Fighting
 10092 | Lair:2   | Found a staircase to the Swamp.
 10132 | Lair:2   | Noticed a catoblepas
 10138 | Lair:2   | Killed a catoblepas
 10140 | Lair:2   | Received a gift from Trog
 10393 | Lair:2   | Noticed Prince Ribbit
 10396 | Lair:2   | Killed Prince Ribbit
 10409 | Lair:2   | Reached XP level 12. HP: 98/107 MP: 11/11
 11071 | Lair:3   | Reached ****** piety under Trog
 11092 | Lair:3   | Noticed an eight-headed hydra
 11100 | Lair:3   | Killed a six-headed hydra
 11155 | Lair:3   | Got a crystal war axe
 11193 | Lair:3   | Noticed a death yak
 11198 | Lair:3   | Killed a death yak
 11199 | Lair:3   | Noticed a death yak
 11200 | Lair:3   | Noticed a death yak
 11204 | Lair:3   | Killed a death yak
 11207 | Lair:3   | Killed a death yak
 11634 | Lair:4   | Received a gift from Trog
 11902 | Lair:4   | Found a staircase to the Snake Pit.
 11935 | Lair:4   | Found a white marble altar of Elyvilon.
 12516 | Lair:5   | Gained mutation: You can translocate small distances at will. [potion of beneficial mutation]
 12582 | Lair:5   | Identified a scroll of acquirement
 12609 | Lair:5   | Received a gift from Trog
 12641 | Lair:5   | Noticed a death yak
 12651 | Lair:5   | Killed a death yak
 12651 | Lair:5   | Reached skill level 10 in Dodging
 12654 | Lair:5   | Noticed a death yak
 12660 | Lair:5   | Killed a death yak
 12734 | Lair:5   | Reached XP level 13. HP: 104/116 MP: 4/12
 12925 | Lair:5   | Reached skill level 15 in Armour
 12997 | Lair:5   | Found a staircase to the Slime Pits.
 13186 | Lair:6   | Entered Level 6 of the Lair of Beasts
 13266 | Lair:6   | Found a frozen archway.
 13282 | IceCv    | Entered an ice cave
 14147 | IceCv    | Reached skill level 15 in Axes
 14483 | IceCv    | Noticed a white draconian
 14517 | IceCv    | Got a diamond-encrusted scale mail
 14528 | IceCv    | Identified the +2 scale mail of the Sea {rElec rPois Dex+2} (You found it in an ice cave)
 14557 | IceCv    | Killed a white draconian
 14724 | Lair:6   | Received a gift from Trog
 15191 | Lair:6   | Reached XP level 14. HP: 127/127 MP: 4/13
 15259 | Lair:6   | Got a transparent marble ring
 15261 | Lair:6   | Identified the ring "Furac" {rC+ MR+} (You found it on level 6 of the Lair of Beasts)
 16045 | Orc:1    | Entered Level 1 of the Orcish Mines
 16107 | Orc:1    | Found Tubues's Food Boutique.
 16183 | Orc:2    | Entered Level 2 of the Orcish Mines
 16579 | Orc:2    | Found a roughly hewn altar of Beogh.
 16602 | Orc:2    | Received a gift from Trog
 16850 | Orc:2    | Found Jusoppou's Magic Scroll Shoppe.
 16856 | Orc:2    | Bought a scroll of fear for 59 gold pieces
 16856 | Orc:2    | Bought a scroll of teleportation for 51 gold pieces
 16856 | Orc:2    | Bought a scroll of blinking for 127 gold pieces
 17088 | Orc:2    | Found a staircase to the Elven Halls.
 17202 | Orc:2    | Found Miewost's Jewellery Shoppe.
 17221 | Orc:2    | Bought the ring of Herusm {rN+ Dex+5} for 525 gold pieces
 17234 | Orc:2    | Found Beuhij's Weapon Boutique.
 17599 | Orc:2    | Found Yvyo's Magic Scroll Boutique.
 17604 | Orc:2    | Bought a scroll of fog for 24 gold pieces
 17604 | Orc:2    | Bought a scroll of blinking for 90 gold pieces
 17608 | Orc:2    | Found Ajekiovvao's Armour Shoppe.
 17643 | Orc:2    | Bought a +1 plate armour of fire resistance for 525 gold pieces
 17923 | D:11     | Received a gift from Trog
 17974 | D:11     | Found a labyrinth entrance.
 17994 | Lab      | Entered a labyrinth
 18222 | Lab      | Got a brightly glowing wooden ring
 18225 | Lab      | Identified the ring "Poczos" {rElec rPois rC- Str+3 Dex-3} (You found it in a labyrinth)
 19788 | D:13     | Reached XP level 15. HP: 133/136 MP: 4/14
 19792 | D:13     | Received a gift from Trog
 19975 | D:13     | Found Visumos's Food Boutique.
 20309 | D:14     | Noticed Sonja
 20318 | D:14     | Killed Sonja
 20514 | D:14     | Noticed Josephine
 20528 | D:14     | Killed Josephine
 20535 | D:14     | Found a gate to the Vaults.
 20593 | D:14     | Noticed Kirke
 20601 | D:14     | Killed Kirke
 20780 | D:15     | Entered Level 15 of the Dungeon
 20812 | D:15     | Found a sacrificial altar of Ru.
 20829 | D:15     | Found a shadowy altar of Dithmenos.
 20927 | D:15     | Received a gift from Trog
 21473 | D:15     | Found a staircase to the Depths.
 21867 | Snake:1  | Entered Level 1 of the Snake Pit
 22192 | Snake:1  | Reached skill level 1 in Evocations
 22765 | Snake:1  | Received a gift from Trog
 23134 | Snake:2  | Found a runed door.
 23334 | Snake:2  | Noticed a greater naga
 23349 | Snake:2  | Killed a greater naga
 23366 | Snake:2  | Noticed Aizul
 23385 | Snake:2  | Killed Aizul
 23385 | Snake:2  | Reached XP level 16. HP: 117/146 MP: 5/17
 23907 | Snake:2  | Noticed Agnes
 23914 | Snake:2  | Killed Agnes
 24219 | Snake:3  | Received a gift from Trog
 24829 | Snake:4  | Entered Level 4 of the Snake Pit
 24840 | Snake:4  | Found a flickering gateway to a bazaar.
 24848 | Bazaar   | Entered a bazaar
 24848 | Bazaar   | Found Ynadom's Antique Weapon Boutique.
 24848 | Bazaar   | Found Finim's Armour Shop.
 24848 | Bazaar   | Found Ikisupe's Antique Armour Shop.
 24874 | Snake:4  | Reached skill level 5 in Evocations
 25280 | Snake:4  | Noticed Louise
 25290 | Snake:4  | Cast into level 3 of the Abyss (Louise)
 25429 | Abyss:4  | Noticed a tentacled starspawn
 25439 | Abyss:4  | Killed a tentacled starspawn
 25459 | Abyss:4  | Noticed a tentacled monstrosity
 25492 | Abyss:4  | Noticed an Executioner
 25529 | Abyss:4  | Killed an Executioner
 25610 | Abyss:4  | Lost intelligence.
 25634 | Abyss:4  | Paralysed by accursed screaming for 1 turns
 25656 | Abyss:4  | HP: 3/102 [smoke demon/divine providence (15)]
 25656 | Abyss:4  | HP: 1/102 [small abomination (2)]
 25657 | Abyss:4  | Slain by a smoke demon

Vault maps used:
D:1:      minmay_arrival_shattered_statue, kennysheep_nondescript, st_stairs_9,
          kennysheep_flooded_box, minmay_splitting_lines
D:2:      minmay_door_path
D:3:      first_bread
D:4:      grunt_temple_overflow_forces_of_nature, elyvilon_altar_5
D:6:      grunt_temple_overflow_open, minmay_temple_entry_glass,
          minmay_item_behind_shaft
D:7:      kennysheep_mini_moat, nicolae_ossuary_entry_giza, grunt_livestock,
          grunt_pakellas_sulfur
D:10:     minmay_distorted_concentric_squares, lair_0_dummy, orc_0_dummy,
          serial_shops, nicolae_shop_statue_plus
D:11:     lemuel_flame_loot_2, lab_entry_generic
D:12:     enter_bailey_3, serial_bayou, serial_bayou_crossing,
          serial_bayou_lagoon_a, serial_bayou_shore_b, serial_bayou_shore_a,
          st_stairs_1
D:13:     serial_shops, kennysheep_mini
D:14:     david_vaults_2, uniq_josephine, uniq_kirke, uniq_sonja
D:15:     grunt_enter_depths_magical_seal, basic_altar, minmay_misc_feat_cross,
          grunt_dithmenos_smoke_and_mirrors
Lair:1:   grunt_megastairs_5, uniq_nergalle
Lair:2:   minmay_swamp_entry_swarm, uniq_prince_ribbit2
Lair:3:   small_statue_intersection, beast_lair_carwin_2, grunt_megastairs_2
Lair:4:   dummy_snake_entry, basic_altar, roderic_carrion_pond,
          grunt_megastairs_4
Lair:5:   minmay_slime_entry_eyes, beast_lair_carwin_3, grunt_megastairs_1
Lair:6:   grunt_lair_end_beastmaster, portal_ice_cave_rime,
          serial_bayou_shore_b, serial_bayou_shore_b
Snake:1:  lemuel_fruit_tree
Snake:2:  lightli_airlock, uniq_aizul, uniq_agnes
Snake:4:  minmay_snake_end_coiled, serial_shops, freezing_bzr,
          nrook_guardian_serpent_ordinary, uniq_louise
Orc:1:    serial_shops, shop
Orc:2:    st_orc_town, serial_shops, shop_scrolls
Abyss:3:  hangedman_abyss_stitches_cave, grunt_abyss_rune_forest_and_sorcery,
          evilmike_abyss_exit_10
Abyss:4:  bh_abyss_exit_grid, nicolae_abyss_rune_star_stuff
Lab:      labyrinth_hidden_loot, nicolae_lab_flowing_pool, nicolae_lab_arrow,
          labyrinth_skeletal_remains, labyrinth_glass_1, nicolae_lab_hexagon,
          nicolae_lab_plus, nicolae_lab_garden
Bazaar:   bazaar_outfitter
Ossuary:  ossuary_tomb_1
IceCv:    ice_cave_caverns_02

Skill      XL: |  1  2  3  4  5  6  7  8  9 10 11 12 13 14 15 16 |
---------------+-------------------------------------------------+-----
Axes           | 4 5 6 7 9 10 11 13 14 15 17 18 19 | 19.4
Fighting       | 4 5 6 7 9 10 11 12 13 14 | 14.8
Armour         | 3 4 5 6 8 10 11 13 14 16 17 19 | 19.8
Dodging        | 3 4 5 6 7 8 10 11 12 13 | 13.4
Shields        | 3 |  3.4
Evocations     | 2 6 |  6.0

Action                   |  1- 3 |  4- 6 |  7- 9 | 10-12 | 13-15 | 16-18 || total
-------------------------+-------+-------+-------+-------+-------+-------++-------
Melee: Hand axe          |    96 |    74 |   363 |   388 |       |       ||   921
       Headbutt          |    10 |    13 |   106 |   174 |   348 |    88 ||   739
       Battleaxe         |       |       |       |   221 |       |       ||   221
       Broad axe         |       |       |       |    11 |   410 |       ||   421
       Executioner's axe |       |       |       |       |   750 |   295 ||  1045
Throw: Tomahawk          |       |    27 |    70 |   127 |    18 |       ||   242
Invok: Berserk           |     2 |     3 |     3 |     4 |    10 |     5 ||    27
       Burn Spellbooks   |       |     1 |     1 |       |     2 |       ||     4
       Trog's Hand       |       |       |     1 |     2 |     3 |     3 ||     9
       Brothers in Arms  |       |       |     1 |     4 |     4 |     6 ||    15
 Abil: Blink             |       |       |       |     1 |       |     1 ||     2
Evoke: Wand              |       |       |       |       |       |     1 ||     1
  Use: Scroll            |     7 |       |    13 |    13 |    19 |     1 ||    53
       Potion            |       |       |     1 |     1 |     1 |     6 ||     9
 Stab: Sleeping          |     1 |     1 |       |       |       |       ||     2
       Distracted        |       |       |       |       |       |     1 ||     1
  Eat: Chunk             |     1 |     7 |    11 |    23 |    38 |       ||    80
       Meat ration       |     1 |       |       |       |     1 |     1 ||     3
       Bread ration      |       |       |     1 |     2 |     2 |     3 ||     8
       Pizza             |       |       |     1 |       |       |       ||     1
       Royal jelly       |       |       |       |     2 |     3 |       ||     5
Armor: Animal skin       |    15 |    13 |    27 |       |       |       ||    55
       Plate armour      |       |       |    70 |   166 |   364 |   201 ||   801
       Scale mail        |       |       |    19 |       |   122 |       ||   141
Dodge: Dodged            |    57 |    63 |   133 |   243 |  1146 |   541 ||  2183
       Deflected         |       |       |       |       |    22 |    28 ||    50
Block: Large shield      |       |       |   127 |   387 |   115 |       ||   629
